 Dungeon Crawl Stone Soup version 0.25-a0-424-g80bd347ae0 (webtiles) character file.

Game seed: 12885654496411860333, levelgen mode: deterministic

503 Lugonue the Poker (level 6, -10/47 HPs)
             Began as a Demonspawn Gladiator on Jan 21, 2020.
             Killed from afar by a steam dragon (18 damage)
             ... with a ball of steam
             ... on level 4 of the Dungeon.
             The game lasted 00:10:21 (2317 turns).

Lugonue the Poker (Demonspawn Gladiator)            Turns: 2317, Time: 00:10:22

Health: -10/47     AC:  4    Str: 16    XL:     6   Next: 96%
Magic:  0/6        EV: 14    Int: 10    God:
Gold:   260        SH:  0    Dex: 14    Spells: 5/5 levels left

rFire    . . .     SeeInvis .   a - +1 trident
rCold    . . .     Gourm    .   (no shield)
rNeg     . . .     Faith    .   b - +0 leather armour
rPois    .         Spirit   +   (helmet restricted)
rElec    .         Reflect  .   h - +0 cloak {+Inv}
rCorr    .         Harm     .   (no gloves)
MR       +....                  (no boots)
Stlth    ++........             j - amulet of guardian spirit
HPRegen  0.15/turn              k - ring of protection from magic
MPRegen  0.10/turn              o - ring of stealth

@: no status effects
A: antennae 1, claws 1, talons 1, demonic guardian 1
a: Evoke Invisibility


You were on level 4 of the Dungeon.
You were hungry.

You visited 1 branch of the dungeon, and saw 4 of its levels.

You collected 260 gold pieces.

Inventory:

Hand Weapons
 a - a +1 trident (weapon)
 c - a +2 scythe of flaming
Missiles
 d - 3 throwing nets (quivered)
Armour
 b - a +0 leather armour (worn)
 h - a +0 cloak of invisibility (worn)
Jewellery
 j - an amulet of guardian spirit (around neck)
 k - a ring of protection from magic (left claw)
 o - a ring of stealth (right claw)
Scrolls
 g - 3 scrolls of remove curse
 i - 5 scrolls of identify
 n - 2 scrolls of magic mapping
Comestibles
 f - 9 rations


   Skills:
 + Level 3.0 Fighting
 + Level 5.0 Polearms
 + Level 1.8 Throwing
 + Level 3.1 Armour
 + Level 4.1 Dodging


You had 5 spell levels left.
You didn't know any spells.
Your spell library was empty.

Dungeon Overview and Level Annotations

Branches:
Dungeon (4/15)
 Temple: D:4-7

Altars:
Hepliaklqana


Innate Abilities, Weirdness & Mutations

You have a pair of small antennae on your head.
You have sharp fingernails.
You have sharp toenails.
A weak demonic guardian rushes to your aid.


Message History

The steam dragon bites you! The steam dragon misses you.
Your +2 scythe of flaming stops flaming.
a - a +1 trident (weapon)
You hit the steam dragon but do no damage.
You claw the steam dragon, but do no damage.
The steam dragon is heavily wounded.
The steam dragon bites you!
The steam dragon claws you but does no damage.
The steam dragon bites you!
* * * LOW HITPOINT WARNING * * *
The steam dragon claws you.
* * * LOW HITPOINT WARNING * * *
You aren't carrying any potions.
As you read the scroll of fog, it crumbles to dust.
The scroll dissolves into smoke.
The steam dragon misses you. The steam dragon claws you.
* * * LOW HITPOINT WARNING * * *
The steam dragon breathes steam at you. The ball of steam hits you!!
You die...

#......# #.......#.....#
#......# #.......#.....#
##......# #...##..###'###
.#......####...##..##....#
.#..........).......#....#
.#..........#.......'....#
.'..........######+##...##
##..........#......##...##
..##+###....#...@...#....#
..+ ######...§...#....#
..# #.......D§..##...##
..# #....§.§§§..###### ..#
+....§§§§§§..#
###....##..##§§§§§..#
.##....##.[##.§§§...#
.......+....#......##
(##....#....+......#


You could see a steam dragon.

Vanquished Creatures
  Sigmund (D:4)
  An ogre (D:4)
  Blork the orc (D:4)
  A centaur skeleton (D:4)
  A worker ant (D:4)
  3 gnolls
  2 adders (D:2)
  A worm (D:2)
  3 dart slugs (D:1)
  3 leopard geckos
  3 orcs
  10 bats
  4 giant cockroaches
  8 goblins
  8 hobgoblins
  A quokka (D:2)
  A ball python (D:1)
  A frilled lizard (D:2)
  5 kobolds
  8 rats
66 creatures vanquished.

Vanquished Creatures (collateral kills)
  An ogre (D:4)
  A worker ant (D:4)
2 creatures vanquished.

Grand Total: 68 creatures vanquished

Notes
Turn   | Place    | Note
-------+----------+-------------------------------------------
     0 | D:1      | Lugonue the Demonspawn Gladiator began the quest for the
                  | Orb.
     0 | D:1      | Reached XP level 1. HP: 16/16 MP: 1/1
   126 | D:1      | Reached skill level 3 in Polearms
   126 | D:1      | Gained mutation: You have sharp toenails. [demonic
                  | ancestry]
   126 | D:1      | Reached XP level 2. HP: 18/22 MP: 2/2
   441 | D:2      | Reached XP level 3. HP: 21/27 MP: 1/3
   655 | D:2      | Gained mutation: A weak demonic guardian rushes to your
                  | aid. [demonic ancestry]
   655 | D:2      | Reached XP level 4. HP: 26/33 MP: 1/4
  1053 | D:3      | Found a hazy altar of Hepliaklqana.
  1443 | D:3      | Reached skill level 1 in Armour
  1631 | D:4      | Noticed an ogre
  1639 | D:4      | Killed an ogre
  1639 | D:4      | Reached skill level 4 in Polearms
  1639 | D:4      | Gained mutation: You have a pair of small antennae on your
                  | head. [demonic ancestry]
  1639 | D:4      | Reached XP level 5. HP: 39/39 MP: 5/5
  1879 | D:4      | Noticed a steam dragon
  1881 | D:4      | Noticed an ogre
  1925 | D:4      | Killed an ogre
  1925 | D:4      | Gained mutation: You have sharp fingernails. [demonic
                  | ancestry]
  1925 | D:4      | Reached XP level 6. HP: 27/46 MP: 6/6
  1967 | D:4      | Noticed Blork the orc
  1983 | D:4      | Killed Blork the orc
  2021 | D:4      | Noticed Sigmund
  2294 | D:4      | Killed Sigmund
  2294 | D:4      | Reached skill level 5 in Polearms
  2317 | D:4      | Killed from afar by a steam dragon

Levels and vault maps discovered:
D:1:      minmay_arrival_checkered_box, layout_rooms
D:2:      layout_rooms
D:3:      layout_basic, nicolae_overflow_crystal_walls
D:4:      lemuel_upstairs_altar, layout_gridville, first_ration,
          uniq_blork_the_orc, uniq_sigmund

Skill      XL: |  1  2  3  4  5  6 |
---------------+-------------------+-----
Dodging        | 3 4 |  4.1
Polearms       | 3 4 5 |  5.0
Armour         | 1 2 3 |  3.1
Fighting       | 3 |  3.0
Throwing       | |  1.8

Action                   |  1- 3 |  4- 6 || total
-------------------------+-------+-------++-------
Melee: Trident           |   114 |    79 ||   193
       Kick              |    14 |    21 ||    35
       Scythe            |       |     2 ||     2
  Use: Scroll            |     3 |     7 ||    10
       Potion            |       |     2 ||     2
  Eat: Chunk             |       |     4 ||     4
Armor: Leather armour    |    26 |    10 ||    36
Dodge: Dodged            |    82 |    35 ||   117

Table legend:
 A = Non-vault XP
 B = Vault XP
 C = Vault XP percentage of total XP
 D = Non-vault monster count
 E = Vault monster count
 F = Vault count percentage of total count
                 A         B        C        D         E       F
            +---------+---------+-------+---------+---------+-------
      Total |     427 |     292 |  40.6 |      66 |       2 |   2.9
            +---------+---------+-------+---------+---------+-------
        D:1 |      37 |       0 |   0.0 |      19 |       0 |   0.0
        D:2 |      80 |       0 |   0.0 |      24 |       0 |   0.0
        D:3 |      53 |       0 |   0.0 |      16 |       0 |   0.0
        D:4 |     257 |     292 |  53.2 |       7 |       2 |  22.2
            +---------+---------+-------+---------+---------+-------
